 Dungeon Crawl Stone Soup version 0.30-a0-509-gd016549fea (webtiles) character file.

Game seed: 4360518426053572335

33 jlumianski the Trooper (level 3, -3/29 HPs)
             Began as a Demonspawn Fighter on Dec 23, 2022.
             Slain by a gnoll
             ... wielding a +0 halberd
              (12 damage)
             ... on level 2 of the Dungeon.
             The game lasted 00:03:13 (1110 turns).

jlumianski the Trooper (Demonspawn Fighter)         Turns: 1110, Time: 00:03:14

Health: -3/29      AC:  6    Str: 18    XL:     3   Next: 12%
Magic:  3/3        EV:  9    Int:  9    God:
Gold:   42         SH:  4    Dex: 12    Spells: 2/2 levels left

rFire   . . .      SeeInvis .    a - +0 war axe
rCold   . . .      Faith    .    c - +0 buckler
rNeg    . . .      Spirit   .    b - +0 scale mail
rPois   .          Reflect  .    (no helmet)
rElec   .          Harm     .    (no cloak)
rCorr   .          Rampage  .    (no gloves)
Will    .....                    (no boots)
Stlth   ..........               (no amulet)
HPRegen 0.24/turn                (no ring)
MPRegen 0.16/turn                (no ring)

@: no status effects
A: magic regeneration, weakness stinger 1
a: no special abilities


You were on level 2 of the Dungeon.
You visited 1 branch of the dungeon, and saw 3 of its levels.

You collected 42 gold pieces.

Inventory:

Hand Weapons
 a - a +0 war axe (weapon)
 e - a +0 whip of venom
 q - a +2 short sword of protection
Missiles
 h - 16 stones
 l - 6 boomerangs (quivered)
Armour
 b - a +0 scale mail (worn)
 c - a +0 buckler (worn)
 n - a +0 cloak
Scrolls
 g - a scroll of magic mapping {unknown}
 k - a scroll of enchant weapon {unknown}
 o - a scroll of amnesia {unknown}
Potions
 d - a potion of might
 f - a potion of attraction {unknown}
 i - a potion of lignification
 j - a potion of magic {unknown}
 m - a potion of mutation {unknown}
 p - 3 potions of curing {unknown}


   Skills:
 + Level 3.3 Fighting
 + Level 2.1 Axes
 + Level 3.1 Armour
 + Level 3.0 Shields


You had 2 spell levels left.
You didn't know any spells.
Your spell library was empty.

Dungeon Overview and Level Annotations

Branches:
Dungeon (3/15)

Altars:


Innate Abilities, Weirdness & Mutations

You regenerate magic rapidly.
You have a small tail.


Message History

You see here a ball python corpse.
You see here a ball python corpse.
Things that are here:
a +0 short sword; a kobold corpse; a kobold corpse You now have 42 gold pieces (gained 11).
There is an open door here.
There is an open door here.
You open the door.
There is an open door here.
There is an escape hatch in the floor here.
Done exploring.
(D) Dungeon
Where to? (? - help)
What level of the Dungeon? (default 1, ? - help)
You see here a +0 dagger.
There is a stone staircase leading down here.
You climb downwards.
There is a stone staircase leading up here.
A gnoll comes into view. It is wielding a +0 spear.
The gnoll shouts!
A gnoll comes into view. It is wielding a +0 halberd.
The gnoll shouts!
A gnoll comes into view. It is wielding a +0 club.
A gnoll comes into view. It is wielding a +0 whip.
The gnoll completely misses you.
You hit the gnoll.
The gnoll is heavily wounded.
The gnoll barely misses you.
The gnoll hits you from afar with a +0 halberd!
The gnoll hits you with a +0 spear. The gnoll closely misses you.
You hit the gnoll.
The gnoll is severely wounded.
The gnoll hits you from afar with a +0 halberd.
* * * LOW HITPOINT WARNING * * *
The gnoll hits you but does no damage.
You slash the gnoll!
You kill the gnoll!
The gnoll closely misses you.
The gnoll hits you from afar with a +0 halberd!
You die...

#... #..#
#..# ##
#.<###...#
#........#
#.#####....
##.#####. #
#.........
#@#######+
#)# #g# #g#
.g# ..# ..#
...+


You could see 3 gnolls.

Vanquished Creatures
  A gnoll (D:2)
  5 ball pythons (D:1)
  3 endoplasms (D:1)
  2 giant cockroaches (D:1)
  4 goblins
  A hobgoblin (D:1)
  7 kobolds (D:1)
  3 quokkas (D:1)
  A frilled lizard (D:2)
27 creatures vanquished.

Notes
Turn   | Place    | Note
-------+----------+-------------------------------------------
     0 | D:1      | jlumianski the Demonspawn Fighter began the quest for the
                  | Orb.
     0 | D:1      | Reached XP level 1. HP: 18/18 MP: 1/1
   123 | D:1      | Gained mutation: You regenerate magic rapidly. [demonic
                  | ancestry]
   123 | D:1      | Reached XP level 2. HP: 24/24 MP: 2/2
   682 | D:1      | Gained mutation: You have a small tail. [demonic ancestry]
   682 | D:1      | Reached XP level 3. HP: 5/29 MP: 3/3
  1110 | D:2      | Slain by a gnoll

Illustrated notes

Levels and vault maps discovered:
D:1:      minmay_arrival_checkered_box, layout_basic
D:2:      minmay_spotlight, layout_loops_ring, minmay_door_square, minivault_25
D:3:      layout_basic, mainiacjoe_overflow_concentric_impassable, serial_shops,
          shop, uniq_terence

Skill      XL: |  1  2 |
---------------+-------+-----
Shields        | 3 |  3.0
Armour         | 3 |  3.1
Axes           | 2 |  2.1
Fighting       | |  3.3

Action                   || total
-------------------------++-------
Melee: War axe           ||    79
Throw: Boomerang         ||     2
  Use: Potion            ||     1
Armor: Scale mail        ||    39
Dodge: Dodged            ||    36
Block: Buckler           ||    17

Table legend: (Time is in decaauts)
 A = Elapsed time spent in this place.
 B = Non-inter-level travel time spent in this place.
 C = Inter-level travel time spent in this place.
 D = Time resting spent in this place.
 E = Time spent auto-exploring this place.
 F = Levels seen in this place.
 G = Mean time per level.
                   A        B        C        D        E       F      G
               +--------+--------+--------+--------+--------+-----+--------+
         Total |   1147 |   1135 |     12 |    112 |    518 |   3 |  382.3 |
       Dungeon |   1147 |   1135 |     12 |    112 |    518 |   3 |  382.3 |
               +--------+--------+--------+--------+--------+-----+--------+

Top non-repeatable levels by time:
     D:1: 1031 daAuts
     D:2: 102 daAuts
     D:3: 12 daAuts
